 Dungeon Crawl Stone Soup version 0.18.1-50-g88ac8fd (webtiles) character file.

50 Amnesiac the Charlatan (level 3, -8/17 HPs)
             Began as a Vine Stalker Artificer on July 7, 2018.
             Mangled by an ice beast (12 damage)
             ... on level 3 of the Dungeon.
             The game lasted 00:01:33 (784 turns).

Amnesiac the Charlatan (Vine Stalker Artificer)      Turns: 784, Time: 00:01:34

Health: -8/17      AC:  4    Str: 14    XL:     3   Next: 79%
Magic:  0/6        EV: 11    Int: 12    God:
Gold:   41         SH:  0    Dex: 14    Spells: 0 memorised, 2 levels left

rFire  . . .     SeeInvis .     a - +3 short sword
rCold  . . .     Gourm    .     b - +0 leather armour
rNeg   . . .     Faith    .     (no shield)
rPois  .         Spirit   +     k - +1 hat
rElec  .         Dismiss  .     (no cloak)
rCorr  .         Reflect  .     (no gloves)
SustAt .         Harm     .     (no boots)
MR     .....                    (no amulet)
Stlth  +++.......               (no ring)
                                n - ring of stealth

@: not resistant to hostile enchantments, fairly stealthy
A: fangs 2, regeneration 1, magic shield, antimagic bite, no device heal 3, rot
immunity
a: no special abilities


You were on level 3 of the Dungeon.
You were not hungry.

You visited 1 branch of the dungeon, and saw 3 of its levels.

You collected 41 gold pieces.

Inventory:

Hand Weapons
 a - a +3 short sword (weapon)
Armour
 b - a +0 leather armour (worn)
 k - a +1 hat (worn)
Jewellery
 n - a ring of stealth (left hand)
Wands
 c - a wand of flame (14/48)
 d - a wand of enslavement (15/24)
 e - a wand of random effects (15/48)
Scrolls
 h - a scroll of fear {!r, unknown}
 i - a scroll of fog {!r, unknown}
 j - a scroll of teleportation {!r, unknown}
 l - 2 scrolls of blinking {!r, unknown}
 m - a scroll of remove curse {!r, unknown}
Potions
 g - 2 potions of haste {!q, unknown}
 o - a potion of magic {!q, unknown}
Comestibles
 f - a bread ration


   Skills:
 - Level 0.8 Fighting
 + Level 2.8 Short Blades
 - Level 1.5 Dodging
 - Level 1.2 Stealth
 - Level 3.0 Evocations


You had 2 spell levels left.
You didn't know any spells.

Dungeon Overview and Level Annotations

Branches:
Dungeon (3/15)

Altars:


Innate Abilities, Weirdness & Mutations

You have extremely sharp teeth.
Your natural rate of healing is unusually fast.
When hurt, damage is shared between your health and your magic reserves.
Your bite disrupts and absorbs the magic of your enemies.
Potions and wands cannot restore your health.
You are immune to rotting.


Message History

You barely miss the adder.
You feel sick. The adder bites you but does no damage.
You puncture the adder!
The adder is almost dead.
The adder barely misses you.
You closely miss the adder.
The adder is almost dead.
You feel sick. The adder bites you.
You are more poisoned.
The adder poisons you!
You closely miss the adder.
The adder is almost dead.
You feel sick. The adder bites you but does no damage.
The adder completely misses you.
You closely miss the adder. You bite the adder. You drain its power.
You feel invigorated.
You kill the adder!
No target in view!
You start resting.
You feel sick. x9
You are no longer poisoned.
You start resting.
HP restored.
Things that are here:
a dagger; an orc skeleton
There is a stone staircase leading down here.
You climb downwards.
There is a stone staircase leading up here.
o - a brown potion {!q} An ice beast comes into view.
An ice beast is nearby!
Found a scroll labeled INTODA IJOLUI.
The ice beast hits you but does no damage.
You barely miss the ice beast. You bite the ice beast. You drain its power.
The ice beast is lightly wounded.
The ice beast barely misses you.
You hit the ice beast.
You bite the ice beast, but do no damage.
The ice beast is moderately wounded.
The ice beast closely misses you.
You barely miss the ice beast.
The ice beast is moderately wounded.
The ice beast barely misses you.
You completely miss the ice beast.
The ice beast is moderately wounded.
The ice beast closely misses you.
You hit the ice beast but do no damage.
The ice beast is moderately wounded.
The ice beast hits you. The ice beast freezes you!
Ouch! That really hurt!
* * * LOW HITPOINT WARNING * * *
That item cannot be evoked!
Evoke which item? (* to show all) (? for menu, Esc to quit)
Okay, then.
Evoke which item? (* to show all) (? for menu, Esc to quit)
Zapping:
c - a wand of flame (15/48)
Press: ? - help, Shift-Dir - straight line, f - ice beast
Aim: an ice beast (moderately wounded)
The puff of flame hits the ice beast.
The ice beast melts!
The ice beast is heavily wounded.
This wand has 14 charges left.
The ice beast hits you.
* * * LOW HITPOINT WARNING * * *
The ice beast freezes you!
Ouch! That really hurt!
You die...

###.# ....
#...# ...
#.### #.# #.#
##### #.####
#.?.######
#....#
#.#.......
####.#####.Y.#
#.......@.##
##.########
###


You could see an ice beast.

Vanquished Creatures
  2 adders (D:2)
  A worm (D:2)
  2 dart slugs (D:2)
  A giant gecko (D:2)
  2 orcs
  A bat (D:2)
  3 goblins
  4 hobgoblins
  4 kobolds (D:2)
  3 rats
23 creatures vanquished.

Notes
Turn   | Place    | Note
--------------------------------------------------------------
     0 | D:1      | Amnesiac the Vine Stalker Artificer began the quest for the Orb.
     0 | D:1      | Reached XP level 1. HP: 9/9 MP: 3/3
    93 | D:2      | Reached skill level 3 in Evocations
   201 | D:2      | Reached skill level 1 in Short Blades
   208 | D:2      | Reached XP level 2. HP: 14/14 MP: 3/5
   379 | D:2      | Reached XP level 3. HP: 12/17 MP: 6/6
   773 | D:3      | Noticed an ice beast
   784 | D:3      | Mangled by an ice beast

Skill      XL: |  1  2 |
---------------+-------+-----
Evocations     | 3 |  3.0
Short Blades   | 1 2 |  2.8
Fighting       | |  0.8
Dodging        | |  1.5
Stealth        | |  1.2

Action                   || total
-------------------------++-------
Melee: Short sword       ||    69
       Bite              ||    19
Evoke: Wand              ||     1
 Stab: Sleeping          ||     2
Armor: Leather armour    ||    19
Dodge: Dodged            ||    47
